 Dungeon Crawl Stone Soup version 0.30-a0-12-gd8047c6341 (webtiles) character file.

Game seed: 6614443834315790894

18 fingers the Trooper (level 2, -3/19 HPs)
             Began as a Gargoyle Berserker on Aug 23, 2022.
             Was a Follower of Trog.
             Slain by a hobgoblin (4 damage)
             ... on level 1 of the Dungeon.
             The game lasted 00:01:51 (802 turns).

fingers the Trooper (Gargoyle Berserker)             Turns: 802, Time: 00:01:51

Health: -3/19      AC:  6    Str: 20    XL:     2   Next: 70%
Magic:  2/2        EV: 11    Int:  7    God:    Trog [*.....]
Gold:   54         SH:  0    Dex:  9    Spells: 1/1 levels left

rFire   . . .      SeeInvis .    a - +0 mace
rCold   . . .      Faith    .    (no shield)
rNeg    + . .      Spirit   .    e - +0 leather armour
rPois   ∞          Reflect  .    (no helmet)
rElec   +          Harm     .    (no cloak)
rCorr   .          Rampage  .    (no gloves)
Will    .....                    (no boots)
Stlth   +.........               (no amulet)
HPRegen 0.06/turn                (no ring)
MPRegen 0.08/turn                (no ring)

@: no status effects
A: sickness immunity, AC +2, negative energy resistance 1, electricity
resistance, torment resistance 1, petrification resistance
a: Renounce Religion, Berserk


You were on level 1 of the Dungeon.
You worshipped Trog.
Trog was aware of your devotion.
You visited 1 branch of the dungeon, and saw 1 of its levels.

You collected 54 gold pieces.

Inventory:

Hand Weapons
 a - a +0 mace (weapon)
Armour
 b - a +0 animal skin
 e - a +0 leather armour (worn)
Potions
 c - a potion of ambrosia {unknown}
 d - a potion of curing {unknown}
 f - a potion of resistance {unknown}
 g - a potion of might {unknown}


   Skills:
 + Level 3.5 Fighting
 + Level 3.2 Maces & Flails
 + Level 2.5 Armour
 + Level 1.9 Dodging


You had one spell level left.
You didn't know any spells.
Your spell library was empty.

Dungeon Overview and Level Annotations

Branches:
Dungeon (1/15)

Altars:


Innate Abilities, Weirdness & Mutations

You are immune to sickness and miasma.
Your stone body is resilient. (AC +2)
You are immune to poison.
You resist negative energy. (rN+)
You are resistant to electric shocks. (rElec)
You are resistant to unholy torment.
You are immune to petrification.


Message History

The quokka misses you. The quokka bites you.
The endoplasm jiggles.
The quokka barely misses you.
You hit the quokka.
You kill the quokka!
Trog accepts your kill. The kobold barely misses you.
The quokka barely misses you. The kobold barely misses you.
A goblin comes into view. It is wielding a +0 dagger.
You miss the quokka.
The quokka is severely wounded.
The quokka bites you but does no damage.
The kobold hits you but does no damage.
You barely miss the quokka.
The quokka is severely wounded.
The quokka bites you. The endoplasm freezes you.
You are frozen.
The quokka misses you.
You closely miss the quokka.
The quokka is severely wounded.
The quokka bites you but does no damage.
The kobold barely misses you. The hobgoblin misses you.
The endoplasm freezes you.
You are frozen.
You fail to use your ability.
The quokka bites you. The hobgoblin barely misses you.
The endoplasm freezes you.
You are frozen.
* * * LOW HITPOINT WARNING * * *
The kobold hits you but does no damage. The quokka bites you.
* * * LOW HITPOINT WARNING * * *
You hit the kobold.
The kobold is severely wounded.
The endoplasm closely misses you.
The kobold hits you with a +0 short sword.
* * * LOW HITPOINT WARNING * * *
The hobgoblin closely misses you. The quokka closely misses you.
The endoplasm jiggles.
The endoplasm barely misses you. The hobgoblin hits you.
You die...

...#....... .......#..
... .# #....###.. ...
... #.(#.###.# ..# ...#
......##.# #.# #.#.#
#...#.##.# #.# #.....
.........## #.# #!.....
..........####.##J......
................@rK.....
..........#####.Kgg.....
...........# ###.......
...........# .......
########...# ....... #
#...# ....... ## #....
.#..... .. ...#. .##...#
..


You could see an endoplasm, a quokka, a hobgoblin, a goblin and 2 kobolds.

Vanquished Creatures
  A giant cockroach (D:1)
  A goblin (D:1)
  5 hobgoblins (D:1)
  2 kobolds (D:1)
  3 quokkas (D:1)
  A ball python (D:1)
  2 frilled lizards (D:1)
15 creatures vanquished.

Notes
Turn   | Place    | Note
-------+----------+-------------------------------------------
     0 | D:1      | fingers the Gargoyle Berserker began the quest for the Orb.
     0 | D:1      | Reached XP level 1. HP: 14/14 MP: 1/1
   155 | D:1      | Reached XP level 2. HP: 16/19 MP: 2/2
   802 | D:1      | Slain by a hobgoblin

Illustrated notes

Levels and vault maps discovered:
D:1:      dpeg_arrival_simpleton_c, layout_rooms, grunt_decor_fettered

Action                   || total
-------------------------++-------
Melee: Mace              ||    50
Invok: Berserk           ||     2
Armor: Animal skin       ||    18
       Leather armour    ||     5
Dodge: Dodged            ||    56

Table legend: (Time is in decaauts)
 A = Elapsed time spent in this place.
 B = Non-inter-level travel time spent in this place.
 C = Inter-level travel time spent in this place.
 D = Time resting spent in this place.
 E = Time spent auto-exploring this place.
 F = Levels seen in this place.
 G = Mean time per level.
                   A        B        C        D        E       F      G
               +--------+--------+--------+--------+--------+-----+--------+
         Total |    827 |    827 |      0 |    496 |    121 |   1 |  827.0 |
       Dungeon |    827 |    827 |      0 |    496 |    121 |   1 |  827.0 |
               +--------+--------+--------+--------+--------+-----+--------+

Top non-repeatable levels by time:
     D:1: 827 daAuts
